Map: Central Protocol

Players

lIlIlIlIlIlI - Winner!

  • Race: Protoss Protoss
  • League: Grandmaster

Miszu

  • Race: Terran Terran
  • League: Grandmaster

VOD

Have the link to the VOD?

Description

Time

  • Played on: Feb. 14, 2016, 4:54 p.m.
  • Length: 16:58
Show
View Real Time Build Order
Export as new Build Order

lIlIlIlIlIlI Protoss - Winner!

Build Orders: 1 Gate Expand 

Get SALT Encoding   

  12  0:01  Probe (Chrono Boost)  
  13  0:11  Probe (Chrono Boost)  
  14  0:17  Pylon  
  14  0:22  Probe (Chrono Boost)  
  15  0:36  Gateway, Probe (Chrono Boost)  
  16  0:46  Probe (Chrono Boost)  
  18  0:57  Probe (Chrono Boost)  
  18  0:58  Assimilator  
  18  1:07  Probe (Chrono Boost)  
  19  1:19  Nexus  
  19  1:24  Probe (Chrono Boost)  
  20  1:33  Cybernetics Core  
  20  1:35  Probe (Chrono Boost)  
  21  1:41  Assimilator  
  21  1:46  Probe (Chrono Boost)  
  22  1:50  Pylon  
  22  1:56  Probe (Chrono Boost)  
  23  2:08  Probe (Chrono Boost)  
  23  2:09  Adept (Chrono Boost)  
  23  2:10  Warp Gate  
  26  2:22  Mothership Core (Chrono Boost)  
  28  2:33  Adept, Probe (Chrono Boost)  
  31  2:42  Probe (Chrono Boost)  
  31  2:43  Probe (Chrono Boost)  
  32  2:51  Robotics Facility  
  32  2:52  Probe (Chrono Boost)  
  32  2:54  Probe (Chrono Boost)  
  34  3:01  Pylon  
  34  3:03  Probe (Chrono Boost)  
  34  3:04  Probe (Chrono Boost)  
  36  3:13  Probe (Chrono Boost)  
  36  3:15  Probe (Chrono Boost)  
  38  3:24  Probe (Chrono Boost)  
  38  3:25  Probe (Chrono Boost)  
  38  3:34  Probe (Chrono Boost)  
  38  3:35  Probe (Chrono Boost)  
  38  3:38  Warp Prism (Chrono Boost)  
  42  3:41  Robotics Bay  
  42  3:45  Probe  
  42  3:46  Probe  
  44  3:55  Probe  
  46  3:58  Probe  
  46  3:59  Pylon  
  46  4:06  Pylon, Probe  
  46  4:07  Pylon  
  46  4:09  Pylon  
  46  4:10  Observer (Chrono Boost), Probe  
  46  4:16  Probe  
  47  4:18  Adept  
  47  4:22  Probe  
  51  4:26  Pylon  
  51  4:27  Probe  
  52  4:34  Probe  
  52  4:36  Disruptor (Chrono Boost)  
  52  4:37  Probe  
  52  4:38  Gravitic Drive  
  56  4:42  Assimilator  
  56  4:43  Gateway, Assimilator  
  56  4:44  Gateway  
  57  4:46  Probe  
  57  4:47  Adept  
  57  4:48  Probe  
  61  5:04  Nexus  
  61  5:06  Pylon  
  61  5:09  Adept  
  61  5:11  Probe x2  
  51  5:21  Probe  
  51  5:23  Probe  
  51  5:24  Pylon  
  50  5:32  Probe  
  50  5:33  Adept  
  47  5:35  Probe  
  47  5:41  Adept  
  46  5:42  Probe  
  46  5:47  Probe  
  44  5:53  Adept, Probe  
  47  6:00  Probe  
  47  6:03  Probe  
  48  6:06  Disruptor (Chrono Boost)  
  52  6:12  Probe  
  52  6:14  Probe  
  54  6:24  Probe  
  54  6:25  Probe  
  55  6:26  Sentry, Probe  
  59  6:35  Probe  
  59  6:36  Probe x2  
  65  6:43  Twilight Council  
  65  6:46  Probe  
  66  6:47  Probe  
  66  6:48  Probe  
  67  6:56  Probe  
  67  6:58  Probe  
  67  6:59  Warp Prism (Chrono Boost)  
  67  7:02  Probe  
  67  7:05  Stalker x3  
  71  7:10  Pylon  
  71  7:19  Gateway  
  71  7:20  Gateway  
  71  7:23  Gateway  
  71  7:27  Pylon  
  71  7:30  Disruptor (Chrono Boost), Probe  
  71  7:33  Probe  
  77  7:38  Blink (Chrono Boost)  
  76  7:49  Sentry x2, Stalker  
  82  7:58  Robotics Facility  
  82  8:01  Immortal (Chrono Boost)  
  66  8:28  Stalker x3  
  66  8:33  Disruptor (Chrono Boost), Probe x2  
  77  8:46  Stalker x2  
  75  8:49  Nexus  
  75  8:50  Sentry  
  75  8:51  Pylon  
  75  8:54  Disruptor (Chrono Boost)  
  80  9:01  Probe x2  
  85  9:13  Disruptor (Chrono Boost)  
  85  9:15  Stalker x2  
  85  9:16  Probe x2  
  91  9:26  Disruptor (Chrono Boost)  
  91  9:29  Probe  
  91  9:32  Pylon x3  
  91  9:37  Pylon  
  91  9:40  Assimilator  
  91  9:45  Assimilator  
  91  9:50  Stalker x2  
  91  9:51  Stalker x2  
  102  10:00  Disruptor (Chrono Boost)  
  102  10:04  Probe  
  102  10:05  Probe x2  
  105  10:20  Disruptor (Chrono Boost)  
  108  10:26  Stalker  
  108  10:27  Pylon  
  110  10:28  Pylon  
  110  10:30  Probe  
  110  10:31  Probe  
  115  10:39  Disruptor (Chrono Boost)  
  102  10:51  Disruptor (Chrono Boost)  
  102  10:53  Stalker x4  
  102  10:54  Stalker  
  112  11:00  Probe  
  112  11:01  Stalker  
  95  11:13  Observer (Chrono Boost)  
  93  11:19  Stalker x5  
  93  11:22  Disruptor (Chrono Boost)  
  89  11:35  Probe  
  89  11:37  Probe x2  
  89  11:39  Disruptor (Chrono Boost)  
  95  11:47  Nexus  
  95  11:49  Pylon, Stalker  
  95  11:50  Stalker  
  95  11:51  Stalker  
  101  11:56  Probe  
  101  11:57  Probe x2  
  101  11:59  Disruptor (Chrono Boost)  
  107  12:12  Stalker x4  
  112  12:33  Probe  
  112  12:34  Probe  
  112  12:35  Probe  
  108  12:44  Disruptor (Chrono Boost), Assimilator, Probe  
  114  12:47  Probe x2  
  114  12:48  Disruptor (Chrono Boost), Assimilator  
  117  13:00  Stalker x2  
  121  13:10  Templar Archives  
  121  13:13  Stalker  
  121  13:14  Stalker  
  121  13:16  Disruptor (Chrono Boost)  
  128  13:22  Pylon  
  128  13:31  Stargate x2  
  131  13:35  Disruptor (Chrono Boost)  
  131  13:38  Pylon  
  131  13:40  Stalker x2  
  135  13:51  Disruptor (Chrono Boost)  
  138  13:59  Stalker x2  
  138  14:00  Stalker x2  
  144  14:27  Oracle x2  
  144  14:30  Fleet Beacon  
  150  14:45  Stargate  
  150  14:46  Stargate  
  150  14:49  Probe  
  150  14:51  Probe x2  
  143  14:56  Nexus, Pylon  
  143  14:57  Probe  
  144  15:00  Probe  
  144  15:02  Probe  
  144  15:03  Sentry x2, Probe  
  151  15:13  Tempest  
  151  15:14  Tempest  
  157  15:21  Stalker  
  152  15:32  Tempest x2, Probe x2  
  152  15:33  Probe  
  162  15:57  Tempest x2  
  165  16:11  Stalker x3  
  167  16:15  Tempest  
  179  16:37  Stalker x2  
  179  16:38  Stalker x2  
Show
View Real Time Build Order
Export as new Build Order

Miszu Terran 

Build Orders: Hellion Opening, Reaper Expand 

Get SALT Encoding   

  12  0:01  SCV  
  13  0:14  SCV  
  14  0:19  Supply Depot  
  14  0:26  SCV  
  15  0:41  SCV  
  15  0:42  Barracks  
  16  0:44  Refinery  
  16  0:53  SCV  
  17  1:05  SCV  
  18  1:28  Orbital Command  
  18  1:29  Reaper  
  19  1:38  Command Center  
  19  1:45  Supply Depot  
  19  1:54  SCV  
  20  2:01  Marine  
  20  2:07  SCV  
  22  2:11  Factory  
  22  2:19  SCV  
  23  2:23  Barracks Reactor  
  23  2:31  SCV  
  24  2:43  SCV  
  25  2:55  SCV  
  25  2:57  Orbital Command  
  26  3:03  Factory  
  26  3:07  Hellion x2, SCV  
  31  3:13  Supply Depot  
  31  3:19  SCV  
  32  3:28  Hellion  
  32  3:29  Hellion  
  32  3:31  SCV  
  37  3:36  Barracks Reactor, SCV  
  37  3:38  Supply Depot  
  37  3:43  SCV  
  38  3:49  SCV  
  38  3:50  Hellion x2  
  42  3:55  SCV  
  42  4:00  Factory  
  42  4:01  SCV  
  42  4:02  Supply Depot  
  44  4:08  SCV  
  45  4:11  Hellion x2  
  45  4:13  SCV  
  50  4:18  Hellion x2  
  50  4:20  SCV  
  55  4:25  SCV  
  55  4:26  Supply Depot  
  56  4:33  Hellion  
  56  4:34  Hellion  
  56  4:37  SCV x2  
  56  4:39  Hellion  
  56  4:42  Hellion  
  56  4:45  Factory Tech Lab  
  60  4:48  Supply Depot  
  60  4:51  SCV x2  
  62  4:54  Hellion  
  62  4:56  Hellion  
  66  5:01  Hellion  
  66  5:04  Hellion  
  70  5:16  Hellion  
  72  5:21  Hellion  
  72  5:26  Hellion  
  70  5:34  Hellion x2  
  72  5:37  Hellion  
  74  5:43  Hellion  
  74  5:47  Hellion  
  70  5:50  SCV  
  70  5:51  SCV  
  70  5:53  Supply Depot, Command Center  
  70  5:55  Hellion  
  72  5:58  Hellion  
  72  5:59  Cyclone  
  72  6:03  SCV x2  
  72  6:04  Refinery x2, Hellion  
  79  6:06  Refinery  
  79  6:09  Hellion  
  79  6:10  Supply Depot  
  81  6:17  Hellion, SCV  
  84  6:20  Hellion  
  84  6:24  Supply Depot, SCV  
  77  6:25  Hellion  
  77  6:29  SCV  
  77  6:30  Hellion  
  77  6:31  Cyclone  
  77  6:32  Mag-Field Accelerator  
  83  6:36  SCV  
  84  6:41  Hellion  
  86  6:47  Hellion  
  86  6:48  Hellion  
  86  6:52  Hellion  
  92  6:58  SCV x2  
  94  7:03  Cyclone  
  94  7:07  Orbital Command  
  97  7:10  Factory, SCV x2  
  97  7:13  Factory, Supply Depot  
  97  7:14  Hellion x4  
  107  7:15  Supply Depot  
  107  7:31  SCV x2  
  107  7:32  Orbital Command  
  107  7:35  Hellion, Cyclone  
  107  7:36  Hellion  
  116  7:40  Hellion  
  116  7:43  SCV x2  
  120  7:55  Factory Tech Lab  
  120  7:56  Factory Tech Lab  
  120  7:57  Starport  
  120  7:58  Engineering Bay  
  120  8:01  Hellion x2  
  124  8:07  Cyclone  
  127  8:16  Refinery  
  115  8:24  Hellion x3  
  115  8:25  Cyclone x2  
  116  8:41  Refinery  
  110  8:49  Cyclone  
  110  8:50  Hellion x4  
  110  8:54  SCV x3, Armory  
  124  8:56  Armory  
  124  9:06  SCV x2  
  124  9:07  SCV  
  127  9:11  Cyclone x2  
  127  9:16  Hellion x4  
  127  9:32  Cyclone  
  127  9:33  SCV x2  
  127  9:34  SCV  
  127  9:37  Hellion, Medivac  
  127  9:38  Hellion x2  
  141  9:42  Supply Depot x3  
  141  9:43  Cyclone  
  141  9:44  Supply Depot, Hellion  
  139  9:45  SCV x2  
  139  9:51  Cyclone  
  136  9:55  Terran Vehicle Weapons Level 1  
  136  9:56  SCV  
  136  9:57  SCV  
  136  9:59  Hellion x2  
  142  10:05  Cyclone  
  142  10:06  Hellion  
  147  10:17  Cyclone  
  147  10:18  Hellion  
  147  10:20  Hellion, Terran Vehicle And Ship Armor Level 1  
  152  10:28  Cyclone  
  128  10:59  Cyclone  
  128  11:01  Hellion, Cyclone x2  
  107  11:30  Hellion  
  107  11:31  Hellion, Cyclone  
  107  11:32  Hellion x3  
  106  11:33  Hellion  
  106  11:34  Hellion  
  108  11:45  Starport Reactor, Infernal Pre-Igniter, Command Center  
  108  11:47  Medivac  
  108  11:53  Hellion x4  
  118  11:58  Cyclone x2  
  124  12:04  Hellion  
  126  12:14  Hellion  
  126  12:15  Hellion x3  
  131  12:36  Hellion x2  
  133  12:38  Hellion  
  133  12:39  Starport Reactor, Siege Tank x2  
  133  12:41  Siege Tank  
  133  12:42  Hellion, Terran Vehicle Weapons Level 2  
  133  12:43  Terran Vehicle And Ship Armor Level 2  
  137  12:57  Hellion  
  137  12:58  Hellion  
  141  13:07  Command Center  
  141  13:11  Siege Tank x2  
  147  13:15  Siege Tank  
  147  13:16  Medivac  
  147  13:19  Medivac  
  154  13:23  Hellion x2  
  154  13:25  Refinery  
  154  13:26  Refinery, Missile Turret  
  158  13:30  Hellion x3  
  158  13:43  Siege Tank  
  158  13:45  Siege Tank  
  158  13:47  Hellion, Orbital Command  
  158  13:48  Hellion x3, Siege Tank  
  167  14:04  Refinery  
  167  14:06  Refinery  
  167  14:15  Siege Tank  
  170  14:17  Siege Tank  
  170  14:20  Hellion x2, Siege Tank  
  170  14:21  Hellion  
  176  14:26  Medivac  
  176  14:29  Planetary Fortress  
  175  14:47  Cyclone  
  175  14:49  Siege Tank  
  179  14:54  Siege Tank  
  179  14:55  Hellion x2  
  179  14:56  Hellion x2  
  182  15:30  Siege Tank  
  166  16:03  Siege Tank x2  
  172  16:08  Viking x2  
  176  16:28  Hellion x3  
  192  16:42  Starport x2  
  192  16:43  Starport  
  192  16:44  Starport  
  192  16:45  Starport  
Tags
 
Add a new tag
Caveats
  • Supply blocks, unpowered buildings, or Contaminate may cause inaccurate times.
  • Supply counts are checked every 10 seconds.